 Dungeon Crawl Stone Soup version 0.17-a0-1882-g750edc8 (webtiles) character file.

10248 Goblin1989 the Fighter (level 11, -3/72 HPs)
             Began as a Gargoyle Gladiator on Sept 21, 2015.
             Was the Champion of Makhleb.
             Killed from afar by an ice statue (21 damage)
             ... with a bolt of cold
             ... in an ice cave on Sept 22, 2015.
             The game lasted 00:58:21 (11491 turns).

Goblin1989 the Fighter (Gargoyle Gladiator)        Turns: 11491, Time: 00:58:23

Health: -3/72      AC: 16    Str: 19    XL:     11   Next: 59%
Magic:  11/11      EV: 16    Int:  9    God:    Makhleb [******]
Gold:   582        SH:  0    Dex: 13    Spells: 0 memorised, 10 levels left

rFire  . . .     SeeInvis .     a - +0 quarterstaff
rCold  . . .     Clarity  .     y - +1 troll leather armour {Purgy}
rNeg   + + .     SustAt   .     (no shield)
rPois  ∞         Gourm    .     c - +0 helmet
rElec  +         Spirit   .     (no cloak)
rCorr  .         Warding  .     w - +0 pair of gloves
rMut   .         Stasis   .     (no boots)
MR     .....                    n - amulet of faith (curse)
Stlth  +.........               z - ring of invisibility
                                E - ring of positive energy

@: studying Shields, not resistant to hostile enchantments, very unstealthy
A: negative energy resistance 1, electricity resistance, unbreathing,
petrification resistance, rot immunity, AC +7
a: Minor Destruction, Lesser Servant of Makhleb, Major Destruction, Greater
Servant of Makhleb, Renounce Religion, Evoke Invisibility


You were in an ice cave.
You worshipped Makhleb.
Makhleb was exalted by your worship.
You were hungry.

You visited 1 branch of the dungeon, and saw 11 of its levels.
You also visited: Ossuary, Bailey and Ice Cave.

You collected 582 gold pieces.

Inventory:

Hand weapons
 a - a +0 quarterstaff (weapon)
Missiles
 d - 5 throwing nets
 v - 2 tomahawks of returning (quivered)
 N - 8 tomahawks
Armour
 c - a +0 helmet (worn)
 w - a +0 pair of gloves (worn)
 y - a +1 troll leather armour (worn) {Purgy}
 G - a +0 leather armour
 T - the +0 chain mail "Udiozoc" {rN+ Str+9}
   (You found it on level 9 of the Dungeon)

   It affects your strength (+9).
   It protects you from negative energy.
Rods
 b - a +2 rod of clouds (11/11)
   (You found it on level 5 of the Dungeon)
Jewellery
 i - an uncursed ring of wizardry
 n - a cursed amulet of faith (around neck)
 z - a ring of invisibility (right hand)
 E - a ring of positive energy (left hand)
 Q - a cursed ring of loudness {unknown}
Magical devices
 m - a wand of slowing (38)
 F - a wand of random effects (16)
 K - a wand of frost (22)
 L - a wand of magic darts (11)
Scrolls
 g - 4 scrolls of fear {unknown}
 q - 2 scrolls of amnesia
 s - 2 scrolls of silence {unknown}
 u - 4 scrolls of enchant weapon {unknown}
 x - 2 scrolls of recharging
 A - a scroll of immolation {unknown}
 B - 2 scrolls of fog
 D - 3 scrolls of remove curse
 I - a scroll of teleportation
 P - a scroll of acquirement {unknown}
Potions
 e - 2 potions of agility
 k - 10 potions of curing
 o - a potion of magic
 p - a potion of heal wounds
 r - a potion of resistance
 t - a potion of flight
 J - a potion of ambrosia
 S - a potion of mutation {unknown}
Books
 f - a book of the Sky

   Spells                             Type                      Level
   a - Summon Lightning Spire         Summoning/Air                4
   b - Airstrike                      Air                          4
   c - Silence                        Hexes/Air                    5
   d - Deflect Missiles               Charms/Air                   6
   e - Conjure Ball Lightning         Conjuration/Air              6
   f - Tornado                        Air                          9
 O - a book of Enchantments

   Spells                             Type                      Level
   a - Cause Fear                     Hexes                        4
   b - Silence                        Hexes/Air                    5
   c - Deflect Missiles               Charms/Air                   6
   d - Haste                          Charms                       6
   e - Discord                        Hexes                        8
 R - a manual of Shields
Comestibles
 h - 10 bread rations
 j - 7 meat rations
 l - 16 fruits
 H - a chunk of flesh
 M - 5 beef jerkies


   Skills:
 - Level 10.2 Fighting
 - Level 10.0 Staves
 - Level 2.0 Throwing
 - Level 6.6 Armour
 + Level 9.3 Dodging


You had 10 spell levels left.
You didn't know any spells.

Dungeon Overview and Level Annotations

Branches:
Dungeon (11/15)            Temple (0/1) D:4             Orc (0/4) D:10
   Lair: D:8-11

Altars:
Ashenzari
Cheibriados
Dithmenos
Elyvilon
Gozag
Makhleb
Ru
Sif Muna
Trog
Yredelemnul
The Shining One

Shops:
D:5 }

Annotations:
D:5 1 runed door
D:8 exclusion: door IceCv exclusion: 2 ice statues


Innate Abilities, Weirdness & Mutations

You are resistant to torment.
Your stone body is resilient (AC +7).
You are immune to poison.
You resist negative energy.
You are resistant to electric shocks.
You can survive without breathing.
You are immune to petrification.
You are immune to rotting.


Message History

The ice beast hits you but does no damage.
The ice statue throws cold at you. The freezing blast misses you.
You hit the ice statue but do no damage.
The ice statue is moderately damaged.
You are engulfed in freezing vapours.
The ice beast completely misses you. The ice beast misses you.
The ice beast closely misses you. The ice beast closely misses you.
You hit the ice statue but do no damage.
The ice statue is moderately damaged.
You are engulfed in freezing vapours.
The ice beast hits you but does no damage.
The ice beast barely misses you. The ice beast misses you.
You hit the ice statue.
The ice statue is moderately damaged.
You are engulfed in freezing vapours.
* * * LOW HITPOINT WARNING * * *
The ice statue throws cold at you. The bolt of cold hits you!
You die...

#####
##...#####
##........##
..........##
##..........#
#...§........
#§YY§.......
#§@Y.......
#8#Y...#8#
####..##
##..# ##..##
#..## #.§.##
##.§.##
##§..#


You could see 2 ice statues and 4 ice beasts.

Vanquished Creatures
  Snorg (D:10)
  The ghost of glosham the Slicer, an experienced HaSu of Makhleb (D:10)
  Pikel (D:7)
  An orc knight (Bailey)
  The ghost of Nico3ck the Conjurer, an experienced NaWz (D:4)
  A gargoyle (D:11)
  Prince Ribbit (D:6)
  Sigmund (D:5)
  A hungry ghost (D:9)
  Menkaure (D:6)
  Duvessa (D:7)
  17 orc warriors
  Purgy (D:3)
  12 ice beasts
  A phantom (D:8)
  4 centaurs
  4 sky beasts
  A black bear (D:7)
  5 ogres
  A necrophage (D:7)
  A crocodile (D:10)
  A big kobold (D:8)
  Dowan (D:7)
  5 giant frogs
  3 scorpions
  An electric eel (D:8)
  A quasit (D:9)
  2 giant frog zombies
  5 crimson imps
  A gnoll shaman (D:4)
  A human zombie (Ossuary)
  6 two-headed ogre zombies (D:10)
  A centaur skeleton (D:7)
  A giant frog skeleton (D:5)
  2 orc priests
  7 hounds
  A jelly (D:7)
  A human skeleton (D:5)
  Jessica (D:2)
  3 worker ants
  5 iguanas
  Natasha (thrice) (D:3)
  7 orc wizards
  2 big kobold zombies (Ossuary)
  2 killer bee zombies
  3 hound zombies (Ossuary)
  2 hound skeletons
  4 mummies (Ossuary)
  A worker ant zombie (D:5)
  Robin (D:2)
  12 gnolls
  9 adders
  4 shadow imps
  6 white imps (IceCv)
  4 ufetubi (IceCv)
  An adder skeleton (D:8)
  3 adder zombies
  4 worms
  5 giant geckos
  50 orcs
  A giant cockroach (D:4)
  12 hobgoblins
  2 ball pythons
  10 bats
  8 giant newts
  19 goblins
  A goblin zombie (D:5)
  2 hobgoblin zombies (Ossuary)
  10 jackals
  17 kobolds
  A kobold zombie (D:5)
  An orc zombie (Ossuary)
  7 quokkas
  2 quokka skeletons
  4 rats
  A rat zombie (Ossuary)
328 creatures vanquished.

Vanquished Creatures (others)
  An adder (D:7)
  2 white imps (IceCv)
  An ufetubus (IceCv)
  2 jackals (D:7)
6 creatures vanquished.

Grand Total: 334 creatures vanquished

Notes
Turn   | Place    | Note
--------------------------------------------------------------
     0 | D:1      | Goblin1989 the Gargoyle Gladiator began the quest for the Orb.
     0 | D:1      | Reached XP level 1. HP: 12/12 MP: 1/1
   190 | D:1      | Reached XP level 2. HP: 14/17 MP: 2/2
   542 | D:1      | Reached skill level 4 in Staves
   688 | D:1      | Reached XP level 3. HP: 18/21 MP: 3/3
   851 | D:2      | Noticed Robin
   857 | D:2      | Killed Robin
   892 | D:2      | Reached skill level 5 in Staves
   892 | D:2      | Reached XP level 4. HP: 12/26 MP: 4/4
  1468 | D:2      | Found a burning altar of Makhleb.
  1479 | D:2      | Became a worshipper of Makhleb the Destroyer
  1483 | D:2      | Noticed Jessica
  1494 | D:2      | Killed Jessica
  1494 | D:2      | Reached XP level 5. HP: 18/30 MP: 5/5
  1893 | D:3      | Noticed Purgy
  1911 | D:3      | Killed Purgy
  1911 | D:3      | Reached skill level 6 in Staves
  1911 | D:3      | Reached XP level 6. HP: 22/35 MP: 6/6
  2011 | D:3      | Noticed Natasha
  2011 | D:3      | Acquired Makhleb's first power
  2016 | D:3      | Killed Natasha
  2084 | D:3      | Found a sacrificial altar of Ru.
  2134 | D:3      | Reached skill level 7 in Staves
  2331 | D:3      | Noticed Natasha
  2335 | D:3      | Killed Natasha
  2415 | D:3      | Noticed Natasha
  2431 | D:3      | Killed Natasha
  2447 | D:3      | Found a bloodstained altar of Trog.
  2491 | D:4      | Noticed Nico3ck's ghost (experienced NaWz)
  2601 | D:4      | Acquired Makhleb's second power
  2705 | D:4      | Killed Nico3ck's ghost
  2705 | D:4      | Reached skill level 8 in Staves
  2705 | D:4      | Reached XP level 7. HP: 40/40 MP: 7/7
  2855 | D:4      | Reached skill level 9 in Staves
  2856 | D:4      | Found a shadowy altar of Dithmenos.
  3003 | D:4      | Reached XP level 8. HP: 44/44 MP: 8/8
  3076 | D:4      | Found a staircase to the Ecumenical Temple.
  3632 | D:5      | Entered Level 5 of the Dungeon
  3691 | D:5      | Reached skill level 10 in Staves
  3710 | D:5      | Found Jiezas's Gadget Shoppe.
  3804 | D:5      | Upgraded the game from 0.17-a0-1880-gacf7e67 to 0.17-a0-1882-g750edc8
  3821 | D:5      | Identified a cursed +1 rod of clouds (10/10) (You found it on level 5 of the Dungeon)
  3847 | D:5      | Noticed Sigmund
  3977 | D:6      | Found an opulent altar of Gozag.
  3977 | D:6      | Found a glowing golden altar of the Shining One.
  3978 | D:6      | Noticed Menkaure
  3989 | D:6      | Killed Menkaure
  4096 | D:6      | Reached skill level 5 in Fighting
  4197 | D:6      | HP: 1/50 [ogre/giant club (7)]
  4371 | D:6      | Acquired Makhleb's third power
  4379 | D:6      | Noticed Prince Ribbit
  4400 | D:6      | Killed Prince Ribbit
  4400 | D:6      | Reached XP level 9. HP: 54/57 MP: 9/9
  5000 | D:7      | Found a sand-covered staircase.
  5006 | Ossuary  | Entered an ossuary
  5266 | D:7      | Acquired Makhleb's fourth power
  5301 | D:7      | Noticed Dowan
  5302 | D:7      | Noticed Duvessa
  5316 | D:7      | Killed Duvessa
  5332 | D:7      | Killed Dowan
  5437 | D:7      | Noticed Pikel
  5456 | D:7      | Killed Pikel
  5456 | D:7      | Reached skill level 10 in Fighting
  5469 | D:7      | Found a snail-covered altar of Cheibriados.
  5553 | D:7      | Reached skill level 1 in Armour
  5668 | D:7      | Reached XP level 10. HP: 68/68 MP: 10/10
  5791 | D:7      | Reached skill level 5 in Armour
  6223 | D:5      | Found a runed door.
  6245 | D:5      | Killed Sigmund
  6287 | D:5      | Found a basalt altar of Yredelemnul.
  6365 | D:5      | Found a shattered altar of Ashenzari.
  6897 | D:8      | Acquired Makhleb's fifth power
  6996 | D:8      | Found a deep blue altar of Sif Muna.
  7356 | D:8      | Found a white marble altar of Elyvilon.
  7831 | D:9      | Got a bloodstained chain mail
  7842 | D:9      | Identified the +0 chain mail "Udiozoc" {rN+ Str+9} (You found it on level 9 of the Dungeon)
  7848 | D:9      | Got a shimmering flail
  7849 | D:9      | Identified the +6 flail of Darkness {drain, *Confuse rElec rF+ Int+7} (You found it on level 9 of the Dungeon)
  8033 | D:9      | Reached skill level 5 in Dodging
  8252 | D:10     | Entered Level 10 of the Dungeon
  8252 | D:10     | Found a staircase to the Orcish Mines.
  8252 | D:10     | Noticed Snorg
  8334 | D:10     | Noticed glosham's ghost (experienced HaSu)
  8450 | D:10     | Killed glosham's ghost
  8492 | D:10     | Found a flagged portal.
  8499 | Bailey   | Entered a bailey
  9113 | Bailey   | Reached XP level 11. HP: 24/72 MP: 11/11
  9787 | Bailey   | Noticed an orc knight
  9814 | Bailey   | Killed an orc knight
 10559 | D:10     | Killed Snorg
 11325 | D:11     | Found a frozen archway.
 11409 | IceCv    | Entered an ice cave
 11474 | IceCv    | Noticed an ice statue
 11474 | IceCv    | Noticed an ice statue
 11491 | IceCv    | Killed from afar by an ice statue

Vault maps used:
D:1:      matt_arrival_refuge
D:2:      makhleb_heckhound_becter, uniq_jessica, uniq_robin
D:3:      hangedman_ru_absence, lemuel_coloured_pillars_altar, first_bread,
          minmay_misc_feat_hallway, uniq_purgy, uniq_natasha
D:4:      nicolae_dithmenos_the_darkroom, minmay_temple_entry_statues,
          serial_bayou_pond_e, minmay_strange_pillars,
          nicolae_underground_beach, uniq_crazy_yiuf_cottage
D:5:      cheibrodos_ashenzari_chains, serial_shops, shop,
          dk_yredelemnul_ordeal, uniq_sigmund
D:6:      gammafunk_temple_overflow_wave, dk_vineyard_3, uniq_prince_ribbit1,
          uniq_menkaure
D:7:      overflow_temple_1_default, nicolae_ossuary_entry_plus,
          grunt_ogre_cave, patterned_corridor, uniq_pikel, uniq_duvessa
D:8:      statuecave_lemuel, led_sif_book, lemuel_doored_altar,
          eino_tiny_chamber, minmay_tree_intersection
D:10:     lemuel_ogre_cave, david_orc_2, enter_bailey_3, uniq_snorg
D:11:     lair_0_dummy, portal_ice_cave_entry_ice_beasts
Ossuary:  ossuary_minmay_tomb_2a
Bailey:   bailey_polearm_2, bailey
IceCv:    ice_cave_small_demon

Action                   |  1- 3 |  4- 6 |  7- 9 | 10-12 || total
-------------------------+-------+-------+-------+-------++-------
Melee: Quarterstaff      |   125 |   225 |   486 |   957 ||  1793
       Flail             |       |       |       |     5 ||     5
Throw: Tomahawk          |       |     2 |       |     3 ||     5
       Throwing net      |       |       |     1 |       ||     1
Evoke: Rod               |       |       |     3 |     2 ||     5
  Use: Scroll            |       |     4 |    12 |     8 ||    24
       Potion            |       |       |     3 |     9 ||    12
 Stab: Confused          |       |       |     5 |     3 ||     8
       Invisible         |       |       |     1 |    13 ||    14
  Eat: Chunk             |       |     6 |     9 |    13 ||    28
       Fruit             |       |       |     3 |       ||     3
       Royal jelly       |       |       |     1 |     1 ||     2
       Bread ration      |       |       |       |     1 ||     1
       Pizza             |       |       |       |     3 ||     3
       Beef jerky        |       |       |       |     1 ||     1
